 Dungeon Crawl Stone Soup version 0.28-a0-751-gef3a642a4e (webtiles) character file.

Game seed: 12285049125141010924

5695 croobank the Geomancer (level 10, -1/56 HPs)
             Began as a Gargoyle Earth Elementalist on Oct 30, 2021.
             Was a Priest of Vehumet.
             Slain by Erica (2 damage)
             ... on level 11 of the Dungeon.
             The game lasted 01:51:17 (8838 turns).

croobank the Geomancer (GrEE)                       Turns: 8838, Time: 01:51:17

Health: -1/56      AC: 22    Str: 15    XL:     10   Next: 76%
Magic:  0/22       EV: 12    Int: 19    God:    Vehumet [***...]
Gold:   354        SH:  0    Dex: 16    Spells: 4/25 levels left

rFire   . . .      SeeInvis .   I - +9 long sword of Tentacled Tenacity {spect, Stlth+}
rCold   + . .      Faith    .   (no shield)
rNeg    + . .      Spirit   +   L - +5 ring mail {rC+}
rPois   ∞          Reflect  .   F - +2 helmet {Int+3}
rElec   +          Harm     .   K - +0 cloak "Jento" {rPois}
rCorr   .          Rampage  .   (no gloves)
Will    .....                   (no boots)
Stlth   +++.......              q - amulet of guardian spirit
HPRegen 0.18/turn               o - +6 ring of dexterity
MPRegen 0.18/turn               D - ring of wizardry

@: studying Bows
A: sickness immunity, AC +7, negative energy resistance 1, electricity
resistance, torment resistance 1, petrification resistance
a: Renounce Religion


You were on level 11 of the Dungeon.
You worshipped Vehumet.
Vehumet was most pleased with you.
You visited 2 branches of the dungeon, and saw 11 of its levels.

You collected 466 gold pieces.
You spent 112 gold pieces at shops.

Inventory:

Hand Weapons
 n - a +2 short sword of protection
 s - a +2 flail of protection
 E - a +2 vampiric short sword
 G - a +4 falchion
 I - the +9 long sword of Tentacled Tenacity (weapon) {spect, Stlth+}
   (You found it on level 7 of the Dungeon)

   When its wielder attacks, the weapon's spirit leaps out and strikes again.
   The spirit shares a part of any damage it takes with its wielder.
   Stlth:     It makes you more stealthy.
 N - a +1 spear of venom
 O - a +5 mace
 P - a +4 hand axe of freezing
 X - a +6 vorpal spear
Missiles
 c - 84 stones
 d - 102 arrows
 f - 71 sling bullets
 l - 43 poisoned darts
 B - 5 boomerangs
 R - 10 throwing nets (quivered)
Armour
 a - a scarf of repulsion
 A - the +4 robe of Nost {rF+ Dex+2}
   (You found it on level 5 of the Dungeon)

   Dex:       It affects your dexterity (+2).
   rF:        It protects you from fire.
 F - a +2 helmet of intelligence (worn)
 K - the +0 cloak "Jento" (worn) {rPois}
   (You found it on level 5 of the Dungeon)

   rPois:     It protects you from poison.
 L - a +5 ring mail of cold resistance (worn)
Magical Staves
 H - a staff of fire
Jewellery
 o - a +6 ring of dexterity (left hand)
 q - an amulet of guardian spirit (around neck)
 v - a +4 ring of protection
 x - a ring of willpower
 D - a ring of wizardry (right hand)
 U - a ring of wizardry
Wands
 y - a wand of charming (5)
 V - a wand of acid (6)
 W - a wand of polymorph (2)
Scrolls
 e - a scroll of amnesia {unknown}
 h - 2 scrolls of teleportation
 j - 3 scrolls of immolation
 t - a scroll of holy word
 w - a scroll of noise {unknown}
 M - a scroll of enchant armour
 Q - a scroll of blinking {unknown}
 T - a scroll of enchant weapon {unknown}
Potions
 r - a potion of lignification
 u - 2 potions of flight
 z - 4 potions of brilliance
 J - a potion of mutation
 S - a potion of might {unknown}


   Skills:
 + Level 3.5 Fighting
 + Level 4.0(4.8) Short Blades
 + Level 3.8(4.7) Long Blades
 + Level 1.0 Axes
 + Level 3.9 Armour
 + Level 3.8 Dodging
 + Level 4.0 Stealth
 + Level 8.1 Spellcasting
 + Level 1.6 Conjurations
 + Level 0.7 Summonings
 + Level 1.1 Necromancy
 + Level 0.7 Transmutations
 + Level 10.6 Earth Magic
 + Level 0.2 Evocations


You had 4 spell levels left.
You knew the following spells:

 Your Spells              Type           Power      Damage    Failure   Level
a - Sandblast             Erth           96%        2d20      1%          1
b - Animate Skeleton      Necr           24%        N/A       4%          1
c - Passwall              Tmut/Erth      24%        N/A       1%          2
d - Shock                 Conj/Air       40%        1d5       1%          1
e - Stone Arrow           Conj/Erth      62%        3d10      1%          3
f - Pain                  Necr           48%        1d6       4%          1
g - Call Imp              Summ           10%        N/A       8%          2
h - Magic Dart            Conj           52%        1d5       1%          1
i - Hailstorm             Conj/Ice       10%        3d5       13%         4
j - Vampiric Draining     Necr           6%         2d6       12%         3
k - Static Discharge      Conj/Air       10%        N/A       2%          2

Your spell library contained the following spells:

 Spells                   Type           Power      Damage    Failure   Level
 Beastly Appendage        Tmut           20%        N/A       4%          1
 Mephitic Cloud           Conj/Pois/Air  9%         N/A       4%          3
 Frozen Ramparts          Ice            14%        1d3       6%          3
 Petrify                  Tmut/Erth      29%        N/A       6%          4
 Wereblood                Tmut           10%        N/A       8%          2
 Spider Form              Tmut/Pois      4%         N/A       17%         3
 Ice Form                 Ice/Tmut       9%         N/A       47%         4
 Summon Ice Beast         Ice/Summ       9%         N/A       47%         4
 Lightning Bolt           Conj/Air       5%         1d17      30%         5
 Maxwell's Capacitive Co  Air            3%         ∞         100%        8


Dungeon Overview and Level Annotations

Branches:
Dungeon (9/15)             Temple (1/1) D:4
   Lair: D:8-11         Orc: D:9-12

Altars:
Ashenzari
Cheibriados
Dithmenos
Fedhas
Gozag
Kikubaaqudgha
Makhleb
Nemelex Xobeh
Okawaru
Qazlal
Trog
Uskayaw
Vehumet
Xom
Yredelemnul
Zin
The Shining One

Shops:
D:4 !   D:6 =

Annotations:
D:11 Erica


Innate Abilities, Weirdness & Mutations

You are immune to sickness and miasma.
Your stone body is resilient. (AC +7)
You are immune to poison.
You resist negative energy. (rN+)
You are resistant to electric shocks. (rElec)
You are resistant to unholy torment.
You are immune to petrification.


Message History

Unknown command.
You are too confused!
A vampire comes into view.
The two-headed ogre shouts in stereo!
You hear a shout!
A centaur warrior zombie comes into view.
You hear a shout! x2
Found a rapier.
The vampire casts a spell.
The vampire flickers and vanishes!
The five-headed hydra completely misses you.
The five-headed hydra bites you but does no damage.
The five-headed hydra bites you.
The five-headed hydra bites you but does no damage.
The five-headed hydra closely misses you.
You bump into the metal wall.
The salamander changes into a guardian serpent!
The five-headed hydra misses you.
The five-headed hydra bites you but does no damage.
The five-headed hydra closely misses you.
The five-headed hydra barely misses you.
The five-headed hydra closely misses you.
Something hits you.
* * * LOW HITPOINT WARNING * * *
Something burns you.
* * * LOW HITPOINT WARNING * * *
The boggart closely misses you.
A sphinx comes into view.
You're too confused to cast spells.
You feel better. Something completely misses you. Something bites you.
The five-headed hydra bites you!
* * * LOW HITPOINT WARNING * * *
The five-headed hydra bites you but does no damage.
The five-headed hydra bites you!
* * * LOW HITPOINT WARNING * * *
The five-headed hydra bites you but does no damage.
The five-headed hydra bites you.
* * * LOW HITPOINT WARNING * * *
The boggart hits you but does no damage.
Something hits you.
You die...

. .##. #.
#..# #..
##..###
#.. ..⌠.=
... (.#
#Z#..
##.H##lO.
#.#.##gD#
#.QH.@#
#...###.#
..H.#.#.
...
.⌠..#. #
)#.# #.#
.. #...#
#O #.# .
.# # .#
.. # ..
.8


You could see 2 sphinxes, a five-headed hydra, a tengu warrior, a two-headed
ogre, a manticore, a wyvern, a boggart and a centaur warrior zombie.

Vanquished Creatures
  A two-headed ogre (D:7)
  A cyclops (D:7)
  A troll (D:5)
  A wraith (D:9)
  Edmund (D:4)
  4 water moccasins
  An ice beast (D:6)
  A black bear (D:5)
  An orc warrior (D:9)
  A hornet zombie (D:7)
  A necrophage (D:4)
  3 ogres
  A sky beast (D:7)
  A centaur (D:7)
  A phantom (D:7)
  3 gnoll sergeants (D:8)
  4 bullfrogs
  A scorpion (D:6)
  A wyvern skeleton (D:7)
  A water moccasin skeleton (D:6)
  3 killer bees (D:6)
  13 wights
  2 howler monkeys
  An electric eel (D:8)
  A bullfrog zombie (D:6)
  3 centaur zombies
  A jelly (D:8)
  8 hounds
  4 orc priests
  A centaur skeleton (D:5)
  A bullfrog skeleton (D:7)
  4 gnoll shamans
  A scorpion zombie (D:5)
  3 iguanas
  3 orc wizards
  A killer bee zombie (D:6)
  A hound zombie (D:5)
  A hound skeleton (D:4)
  3 howler monkey zombies
  9 adders
  30 gnolls
  A river rat (D:5)
  3 white imps
  An adder skeleton (D:4)
  2 worms (D:3)
  A dart slug (D:2)
  21 orcs
  3 ball pythons
  6 endoplasms
  3 giant cockroaches
  6 goblins
  5 hobgoblins
  9 jackals
  4 kobolds
  2 quokkas
  4 bats
  4 frilled lizards
  6 rats
205 creatures vanquished.

Vanquished Creatures (collateral kills)
  An iguana (D:5)
1 creature vanquished.

Vanquished Creatures (others)
  A steam dragon (D:8)
  2 gnolls
  An orc wizard (D:8)
  4 orcs (D:8)
  8 plants (D:5)
16 creatures vanquished.

Grand Total: 222 creatures vanquished

Notes
Turn   | Place    | Note
-------+----------+-------------------------------------------
     0 | D:1      | croobank the Gargoyle Earth Elementalist began the quest
                  | for the Orb.
     0 | D:1      | Reached XP level 1. HP: 10/10 MP: 3/3
   244 | D:1      | Found a faded altar of an unknown god.
   475 | D:1      | Reached XP level 2. HP: 15/15 MP: 3/5
   979 | D:2      | Reached skill level 4 in Earth Magic
  1209 | D:2      | Reached XP level 3. HP: 19/19 MP: 4/6
  1445 | D:2      | Reached XP level 4. HP: 16/24 MP: 5/8
  1767 | D:3      | Reached skill level 1 in Axes
  2013 | D:3      | Learned a level 1 spell: Animate Skeleton
  2369 | D:4      | Found Etweg's Distillery.
  2460 | D:4      | Bought a potion of brilliance for 56 gold pieces
  2460 | D:4      | Bought a potion of brilliance for 56 gold pieces
  2500 | D:4      | Noticed an ogre
  2512 | D:4      | Killed an ogre
  2513 | D:4      | Reached skill level 1 in Fighting
  2513 | D:4      | Reached skill level 5 in Earth Magic
  2513 | D:4      | Reached XP level 5. HP: 9/29 MP: 0/10
  2977 | D:4      | Found a staircase to the Ecumenical Temple.
  2981 | D:4      | Reached XP level 6. HP: 34/34 MP: 9/11
  2987 | Temple   | Entered the Ecumenical Temple
  3095 | Temple   | Became a worshipper of Vehumet
  3378 | D:4      | Noticed a necrophage
  3382 | D:4      | Learned a level 2 spell: Passwall
  3404 | D:4      | Killed a necrophage
  3405 | D:4      | Reached skill level 1 in Armour
  3666 | D:4      | Noticed Edmund
  3691 | D:4      | Killed Edmund
  3692 | D:4      | Reached skill level 1 in Short Blades
  3692 | D:4      | Reached XP level 7. HP: 14/38 MP: 2/13
  4314 | D:5      | Entered Level 5 of the Dungeon
  4316 | D:5      | Reached skill level 6 in Earth Magic
  4431 | D:5      | Noticed a troll
  4449 | D:5      | Killed a troll
  4450 | D:5      | Reached skill level 5 in Spellcasting
  4450 | D:5      | Reached XP level 8. HP: 9/43 MP: 1/15
  4700 | D:5      | Reached skill level 7 in Earth Magic
  4806 | D:5      | Identified the +4 robe of Nost {rF+ Dex+2}
  5078 | D:5      | You fall into a shaft and drop 2 floors!
  5270 | D:6      | Reached * piety under Vehumet
  5270 | D:6      | Offered knowledge of Shock by Vehumet.
  5274 | D:6      | Learned a level 1 spell: Shock
  5278 | D:6      | Learned a level 3 spell: Stone Arrow
  5280 | D:6      | Learned a level 1 spell: Pain
  5283 | D:6      | Learned a level 2 spell: Call Imp
  5465 | D:6      | Found Teleher's Jewellery Shop.
  5558 | D:6      | Reached skill level 8 in Earth Magic
  5641 | D:6      | Reached XP level 9. HP: 47/49 MP: 16/18
  5720 | D:6      | Reached skill level 1 in Conjurations
  6061 | D:5      | Identified the +0 cloak "Jento" {rPois}
  6239 | D:5      | Learned a level 1 spell: Magic Dart
  6558 | D:5      | Reached skill level 9 in Earth Magic
  6731 | D:7      | Reached ** piety under Vehumet
  6731 | D:7      | Offered knowledge of Freeze by Vehumet.
  6776 | D:7      | Identified the +9 long sword of Tentacled Tenacity {spect,
                  | Stlth+}
  7007 | D:7      | Reached skill level 1 in Long Blades
  7074 | D:7      | Reached skill level 1 in Necromancy
  7128 | D:7      | Noticed a two-headed ogre
  7132 | D:7      | Noticed a cyclops
  7391 | D:7      | Killed a two-headed ogre
  7392 | D:7      | Reached XP level 10. HP: 39/56 MP: 17/21
  7414 | D:7      | Killed a cyclops
  8156 | D:8      | Offered knowledge of Inner Flame by Vehumet.
  8211 | D:8      | Reached skill level 10 in Earth Magic
  8259 | D:8      | Reached *** piety under Vehumet
  8665 | D:8      | Offered knowledge of Hailstorm by Vehumet.
  8687 | D:8      | Learned a level 4 spell: Hailstorm
  8691 | D:8      | Learned a level 3 spell: Vampiric Draining
  8694 | D:8      | Learned a level 2 spell: Static Discharge
  8822 | D:9      | You fall into a shaft and drop 2 floors!
  8822 | D:11     | Noticed Erica
  8824 | D:11     | Noticed a sphinx
  8829 | D:11     | Noticed a manticore
  8831 | D:11     | Paralysed by a sphinx for 2 turns
  8832 | D:11     | Noticed a two-headed ogre
  8833 | D:11     | Noticed a five-headed hydra
  8833 | D:11     | Noticed a tengu warrior
  8833 | D:11     | Noticed a salamander
  8833 | D:11     | Noticed a two-headed ogre
  8837 | D:11     | Noticed a guardian serpent
  8837 | D:11     | a salamander changed into a guardian serpent
  8837 | D:11     | Noticed a sphinx
  8838 | D:11     | HP: 1/56 [five-headed hydra (3)]
  8838 | D:11     | Slain by Erica

Illustrated notes

Levels and vault maps discovered:
D:1:      minmay_arrival_up_and_down, layout_loops_ring,
          hellmonk_ecumenical_altar_run_dry
D:2:      layout_loops_ring, minmay_pentomino_o2
D:3:      layout_rooms, kennysheep_generic_room_2
D:4:      layout_layer_cave, minmay_temple_entry_purple_smoke, serial_shops,
          shop, uniq_edmund
D:5:      layout_basic, gup_sewer_entry_bowl, guppyfry_early_lair_pool
D:6:      layout_basic, serial_shops, shop
D:7:      layout_loops_ring, grunt_ministairs_9, minmay_manual_monstrance
D:8:      layout_cave_pools, serial_gnoll_camp, gnoll_camp_mini_hut,
          gnoll_camp_medium_01, gnoll_camp_medium_02, grums_kennel,
          gnoll_camp_huts_moat, serial_park_tiny_2, chequers_arboretum
D:9:      layout_long_grid, nicolae_overflow_quartered_altars, david_orc_4,
          uniq_joseph
D:11:     minmay_complete_graph, layout_basic,
          portal_ice_cave_entry_ice_simulacra, kennysheep_cross_bottleneck,
          uniq_fannar, uniq_erica, uniq_josephine
Temple:   minmay_temple_bridge_d

Skill      XL: |  1  2  3  4  5  6  7  8  9 10 |
---------------+-------------------------------+-----
Earth Magic    | 4 5 6 8 9 10 | 10.6
Axes           | 1 |  1.0
Spellcasting   | 3 4 5 6 7 8 |  8.1
Fighting       | 1 2 3 |  3.5
Dodging        | 2 3 |  3.8
Armour         | 1 2 3 |  3.9
Short Blades   | 1 2 4 |  4.0
Conjurations   | 1 |  1.6
Stealth        | 3 4 |  4.0
Long Blades    | 2 3 |  3.8
Necromancy     | 1 |  1.1
Summonings     | |  0.7
Transmutations | |  0.7
Evocations     | |  0.2

Action                   |  1- 3 |  4- 6 |  7- 9 | 10-12 || total
-------------------------+-------+-------+-------+-------++-------
Melee: Hand axe          |    39 |       |       |       ||    39
       Short sword       |       |    60 |   118 |       ||   178
       Long sword        |       |       |    34 |    69 ||   103
Throw: Throwing net      |       |       |       |     2 ||     2
 Cast: Sandblast         |    22 |    60 |   110 |    58 ||   250
       Animate Skeleton  |       |     5 |     3 |     6 ||    14
       Call Imp          |       |       |     2 |       ||     2
       Shock             |       |       |     1 |     2 ||     3
       Magic Dart        |       |       |     5 |     1 ||     6
       Pain              |       |       |     3 |       ||     3
       Stone Arrow       |       |       |       |     2 ||     2
       Vampiric Draining |       |       |       |     1 ||     1
Evoke: Wand              |       |       |     3 |     1 ||     4
  Use: Scroll            |     1 |     5 |    11 |     2 ||    19
       Potion            |       |     2 |       |     3 ||     5
 Stab: Sleeping          |     1 |       |     1 |     1 ||     3
Armor: Robe              |     2 |       |   108 |       ||   110
       Ring mail         |    17 |    34 |    53 |    98 ||   202
Dodge: Dodged            |    34 |    49 |   168 |    84 ||   335
       Repelled          |       |       |     1 |       ||     1

Table legend: (Time is in decaauts)
 A = Elapsed time spent in this place.
 B = Non-inter-level travel time spent in this place.
 C = Inter-level travel time spent in this place.
 D = Time resting spent in this place.
 E = Time spent auto-exploring this place.
 F = Levels seen in this place.
 G = Mean time per level.
                   A        B        C        D        E       F      G
               +--------+--------+--------+--------+--------+-----+--------+
         Total |   8890 |   8683 |    207 |   1489 |   4558 |  11 |  808.2 |
       Dungeon |   8710 |   8575 |    135 |   1489 |   4478 |  10 |  871.0 |
        Temple |    180 |    108 |     72 |      0 |     80 |   1 |  180.0 |
               +--------+--------+--------+--------+--------+-----+--------+

Top non-repeatable levels by time:
     D:4: 1766 daAuts
     D:5: 1392 daAuts
     D:7: 1247 daAuts
     D:2: 1001 daAuts
     D:6: 758 daAuts
     D:8: 735 daAuts
     D:3: 707 daAuts
     D:1: 672 daAuts
     D:9: 414 daAuts
  Temple: 180 daAuts
    D:11: 16 daAuts
